 Dungeon Crawl Stone Soup version 0.30-a0-310-g7d6cbdfea6 (webtiles) character file.

Game seed: 6945299362648848998

208 Lanoc the Poker (level 5, -5/42 HPs)
             Began as a Merfolk Gladiator on Oct 24, 2022.
             Slain by Grinder (6 damage)
             ... while paralysed by Grinder
             ... on level 3 of the Dungeon.
             The game lasted 00:03:26 (1845 turns).

Lanoc the Poker (Merfolk Gladiator)                 Turns: 1845, Time: 00:03:26

Health: -5/42      AC:  7    Str: 17    XL:     5   Next: 86%
Magic:  5/5        EV:  2    Int:  7    God:
Gold:   161        SH:  0    Dex: 15    Spells: 4/4 levels left

rFire   . . .      SeeInvis .    a - +0 trident
rCold   . . .      Faith    .    (no shield)
rNeg    . . .      Spirit   .    b - +0 leather armour
rPois   .          Reflect  .    c - +0 helmet
rElec   .          Harm     .    r - +2 cloak
rCorr   .          Rampage  .    (no gloves)
Will    .....                    (no boots)
Stlth   +.........               (no amulet)
HPRegen 0.27/turn                (no ring)
MPRegen 0.09/turn                (no ring)

@: paralysed, invisible
A: (nimble swimmer 2), mertail
a: no special abilities


You were on level 3 of the Dungeon.
You visited 1 branch of the dungeon, and saw 3 of its levels.

You collected 161 gold pieces.

Inventory:

Hand Weapons
 a - a +0 trident (weapon)
Missiles
 e - a javelin (quivered)
 l - 2 curare-tipped darts
Armour
 b - a +0 leather armour (worn)
 c - a +0 helmet (worn)
 r - a +2 cloak (worn)
Wands
 t - a wand of roots (7)
Scrolls
 g - a scroll of teleportation {unknown}
 h - 3 scrolls of identify {unknown}
 i - a scroll of fear {unknown}
 n - 2 scrolls of enchant weapon {unknown}
 o - a scroll of noise {unknown}
 q - a scroll of poison {unknown}
Potions
 f - a potion of magic
 k - a potion of attraction {unknown}
 m - a potion of heal wounds {unknown}
 s - a potion of brilliance {unknown}
 u - a potion of mutation {unknown}


   Skills:
 + Level 3.7 Fighting
 * Level 6.5 Polearms
 - Level 2.0 Throwing
 + Level 5.4 Dodging


You had 4 spell levels left.
You didn't know any spells.
Your spell library was empty.

Dungeon Overview and Level Annotations

Branches:
Dungeon (3/15)

Altars:

Shops:
D:1 (

Annotations:
D:3 Grinder


Innate Abilities, Weirdness & Mutations

((You are very nimble when in or above water. (Stealth+, EV+, Speed+++)))
Your lower body shifts to a powerful aquatic tail in water.


Message History

You hit the orc but do no damage. Grinder hits you.
* * * LOW HITPOINT WARNING * * *
You writhe in agony.
* * * LOW HITPOINT WARNING * * *
The orc hits you but does no damage.
The orc wizard struggles against the net.
It was a potion of invisibility.
You fade into invisibility!
Grinder closely misses you. The orc hits you with a +0 dagger.
* * * LOW HITPOINT WARNING * * *
The orc wizard struggles against the net.
You feel better. Grinder hits you. The orc barely misses you.
The orc wizard gestures at you while chanting.
The magic dart hits Grinder.
The orc wizard struggles against the net.
You hit the orc but do no damage. Grinder gestures at you.
You suddenly lose the ability to move!
An orc comes into view. It is wielding a +0 whip.
The orc hits you but does no damage.
The orc shouts!
Grinder gestures at you.
You shrug off the repeated paralysis!
The orc hits you but does no damage.
The orc wizard struggles against the net.
Grinder hits you.
You writhe in agony.
* * * LOW HITPOINT WARNING * * *
The orc hits you but does no damage.
The orc wizard struggles against the net.
Grinder gestures at you. Pain shoots through your body!
* * * LOW HITPOINT WARNING * * *
The orc hits you with a +0 dagger.
* * * LOW HITPOINT WARNING * * *
The orc wizard points at Grinder and mumbles some strange words.
The orc wizard struggles against the net.
The net rips apart, and the orc wizard comes free!
Grinder hits you.
* * * LOW HITPOINT WARNING * * *
You writhe in agony.
You die...

.#.#.#..#.#.......
#..#..
...#.#....#.######
#..#..
.....#...†#..
#..#..
..........######
#..#..
...............)
####..
.#.###..#...#####
#....
...........o#
....#..
.o.#.....#5#
#.#..#..
...o......#@# #
#.....
.#.##..####o#
...###
#......)...# ...#
############ #.
######## ##### #
... ..##.)... .
#.###......# #
#.#.#......# ##


You could see Grinder (unable to see you), an orc wizard (unable to see you) and
an orc (unable to see you).

Vanquished Creatures
  An ogre (D:2)
  Crazy Yiuf (D:2)
  2 adders (D:2)
  A worm (D:2)
  2 dart slugs
  2 orcs
  7 ball pythons
  5 endoplasms
  6 giant cockroaches
  3 goblins
  6 hobgoblins
  2 jackals (D:2)
  6 quokkas
  3 bats
  4 frilled lizards
  7 kobolds
  4 rats
62 creatures vanquished.

Notes
Turn   | Place    | Note
-------+----------+-------------------------------------------
     0 | D:1      | Lanoc the Merfolk Gladiator began the quest for the Orb.
     0 | D:1      | Reached XP level 1. HP: 16/16 MP: 1/1
   152 | D:1      | Reached XP level 2. HP: 22/23 MP: 2/2
   371 | D:1      | Reached XP level 3. HP: 28/28 MP: 3/3
   484 | D:1      | Found Zosaxany's Weapon Shoppe.
   647 | D:1      | Reached skill level 5 in Polearms
  1106 | D:2      | Noticed an ogre
  1120 | D:2      | Killed an ogre
  1121 | D:2      | Reached skill level 6 in Polearms
  1121 | D:2      | Reached skill level 5 in Dodging
  1121 | D:2      | Reached XP level 4. HP: 19/35 MP: 4/4
  1121 | D:2      | Reached XP level 5. HP: 22/41 MP: 5/5
  1312 | D:2      | Found a runed translucent door.
  1313 | D:2      | Noticed Crazy Yiuf
  1533 | D:2      | Killed Crazy Yiuf
  1808 | D:3      | Noticed Grinder
  1841 | D:3      | Paralysed by Grinder for 5 turns
  1845 | D:3      | HP: 1/42 [Grinder (4)]
  1845 | D:3      | Slain by Grinder

Illustrated notes

Levels and vault maps discovered:
D:1:      lemuel_arrival_behind_the_door_large, layout_basic, serial_shops,
          nicolae_shop_temple_entry_statues_fountains, minmay_crystal_water,
          minmay_small_reverse_x
D:2:      layout_rooms, uniq_crazy_yiuf_cottage
D:3:      layout_basic, uniq_grinder

Skill      XL: |  1  2  3 |
---------------+----------+-----
Polearms       | 6 |  6.5
Fighting       | 3 |  3.7
Dodging        | 5 |  5.4
Throwing       | |  2.0

Action                   |  1- 3 |  4- 6 || total
-------------------------+-------+-------++-------
Melee: Trident           |   130 |    91 ||   221
Throw: Throwing net      |     2 |     2 ||     4
Evoke: Wand              |       |     1 ||     1
  Use: Potion            |       |     4 ||     4
 Stab: Sleeping          |     2 |       ||     2
Armor: Leather armour    |    37 |    28 ||    65
Dodge: Dodged            |    87 |    54 ||   141

Table legend: (Time is in decaauts)
 A = Elapsed time spent in this place.
 B = Non-inter-level travel time spent in this place.
 C = Inter-level travel time spent in this place.
 D = Time resting spent in this place.
 E = Time spent auto-exploring this place.
 F = Levels seen in this place.
 G = Mean time per level.
                   A        B        C        D        E       F      G
               +--------+--------+--------+--------+--------+-----+--------+
         Total |   1850 |   1762 |     88 |      3 |   1321 |   3 |  616.7 |
       Dungeon |   1850 |   1762 |     88 |      3 |   1321 |   3 |  616.7 |
               +--------+--------+--------+--------+--------+-----+--------+

Top non-repeatable levels by time:
     D:1: 938 daAuts
     D:2: 671 daAuts
     D:3: 240 daAuts
